 Dungeon Crawl Stone Soup version 0.29-a0-321-gf1c400731a (webtiles) character file.

Game seed: 4302669511906195380

4 Colgate the Sneak (level 1, 0/12 HPs)
             Began as a Kobold Brigand on Apr 5, 2022.
             Slain by a quokka (2 damage)
             ... on level 1 of the Dungeon.
             The game lasted 00:00:23 (164 turns).

Colgate the Sneak (Kobold Brigand)                   Turns: 164, Time: 00:00:23

Health: 0/12       AC:  3    Str:  8    XL:     1   Next: 66%
Magic:  1/1        EV: 14    Int: 12    God:
Gold:   20         SH:  0    Dex: 16    Spells: 0/0 levels left

rFire   . . .      SeeInvis .   a - +2 dagger
rCold   . . .      Faith    .   (no shield)
rNeg    . . .      Spirit   .   b - +0 robe
rPois   .          Reflect  .   (no helmet)
rElec   .          Harm     .   c - +0 cloak
rCorr   .          Rampage  .   (no gloves)
Will    .....                   (no boots)
Stlth   ++++......              (no amulet)
HPRegen 0.04/turn               (no ring)
MPRegen 0.07/turn               (no ring)

@: no status effects
A: small, no large weapons, nightstalker 3
a: no special abilities


You were on level 1 of the Dungeon.
You visited 1 branch of the dungeon, and saw 1 of its levels.

You collected 20 gold pieces.

Inventory:

Hand Weapons
 a - a +2 dagger (weapon)
Missiles
 d - 9 poisoned darts (quivered)
 e - 3 curare-tipped darts
Armour
 b - a +0 robe (worn)
 c - a +0 cloak (worn)
Jewellery
 f - a ring of flight


   Skills:
 - Level 2.1 Fighting
 - Level 3.2 Short Blades
 - Level 2.1 Throwing
 - Level 1.2 Dodging
 - Level 5.3 Stealth
 + Level 0.0 Unarmed Combat


You couldn't memorise any spells.
You didn't know any spells.
Your spell library contained the following spells:

 Spells                   Type           Power      Damage    Failure   Level
 Blink                    Tloc           0%         N/A       45%         2
 Manifold Assault         Tloc           0%         N/A       100%        5
 Storm Form               Tmut/Air       0%         N/A       100%        7


Dungeon Overview and Level Annotations

Branches:
Dungeon (1/15)

Altars:


Innate Abilities, Weirdness & Mutations

You are small and have problems with some larger weapons.
You are completely attuned to the shadows.


Message History

Found a staircase leading out of the dungeon.
Found a short sword.
Found a leather armour.
A ball python comes into view.
The ball python misses you. The ball python closely misses you.
The ball python barely misses you. The ball python grabs you.
The ball python constricts you.
You hit the ball python.
You kill the ball python!
No target in view!
You see here a ball python corpse.
A ball python comes into view.
Found 10 gold pieces.
A dart slug comes into view.
You hit the ball python.
You kill the ball python!
You see here a ball python corpse.
A dart slug is nearby!
The helpless dart slug fails to defend itself.
You impale the dart slug!!
You kill the dart slug!
Your Short Blades skill increases to level 3!
You now have 10 gold pieces.
You now have 13 gold pieces (gained 3).
You now have 20 gold pieces (gained 7).
f - a ring of flight You pick up an Inescapable Atlas and begin reading...
You add the spells Blink, Manifold Assault and Storm Form to your library.
Okay, then.
A quokka comes into view.
The quokka bites you. x2
You hit the quokka.
The quokka bites you but does no damage.
You hit the quokka. The quokka bites you.
You closely miss the quokka. The quokka barely misses you.
You closely miss the quokka. The quokka bites you.
* * * LOW HITPOINT WARNING * * *
You completely miss the quokka. The quokka misses you.
You hit the quokka. The quokka bites you.
You die...

#.###########......#
#.##.# #......#
#....########......#
#######............#
####........#......#
.....##.###.#......#
##...##.# #......###
#...##.# #......#
###@.#.# #......#
....r...###......#
.................
.................
.......#.###.....
#...... #.###.....
######)......
..........
#............
..........
###..##........
..........


You could see a quokka.

Vanquished Creatures
  A dart slug (D:1)
  2 ball pythons (D:1)
3 creatures vanquished.

Notes
Turn   | Place    | Note
-------+----------+-------------------------------------------
     0 | D:1      | Colgate the Kobold Brigand began the quest for the Orb.
     0 | D:1      | Reached XP level 1. HP: 12/12 MP: 1/1
   164 | D:1      | Slain by a quokka

Illustrated notes

Levels and vault maps discovered:
D:1:      minmay_arrival_four_circles, layout_basic, moated_statue,
          hangedman_decor_lopped

Skill      XL: |  1 |
---------------+----+-----
Short Blades   | 3 |  3.2
Fighting       | |  2.1
Throwing       | |  2.1
Dodging        | |  1.2
Stealth        | |  5.3

Action                   || total
-------------------------++-------
Melee: Dagger            ||     9
 Stab: Sleeping          ||     1
Armor: Robe              ||     1
Dodge: Dodged            ||     5

Table legend: (Time is in decaauts)
 A = Elapsed time spent in this place.
 B = Non-inter-level travel time spent in this place.
 C = Inter-level travel time spent in this place.
 D = Time resting spent in this place.
 E = Time spent auto-exploring this place.
 F = Levels seen in this place.
 G = Mean time per level.
                   A        B        C        D        E       F      G
               +--------+--------+--------+--------+--------+-----+--------+
         Total |    162 |    162 |      0 |      0 |    141 |   1 |  162.0 |
       Dungeon |    162 |    162 |      0 |      0 |    141 |   1 |  162.0 |
               +--------+--------+--------+--------+--------+-----+--------+

Top non-repeatable levels by time:
     D:1: 162 daAuts
